 Dungeon Crawl Stone Soup version 0.26-a0-43-g20b394cb32 (webtiles) character file.

Game seed: 17837654946013981800

182923 Mushiatsui the Warrior (level 17, -1/80 HPs)
             Began as a Gargoyle Berserker on June 1, 2020.
             Was a High Priest of Trog.
             Slain by a white very ugly thing (9 damage)
             ... on level 4 of the Abyss on June 3, 2020.
             The game lasted 01:43:16 (41887 turns).

Mushiatsui the Warrior (Gargoyle Berserker)        Turns: 41887, Time: 01:43:16

Health: -1/80      AC: 34    Str: 21      XL:     17   Next: 98%
Magic:  14/14      EV: 10    Int:  4      God:    Trog [*****.]
Gold:   1102       SH: 19    Dex:  5 (6)  Spells: 16/16 levels left

rFire    + + +     SeeInvis +   Z - +9 eveningstar (freeze)
rCold    + . .     Gourm    .   F - +0 tower shield
rNeg     + + +     Faith    +   e - +1 fire dragon scales
rPois    ∞         Spirit   .   s - +2 helmet
rElec    +         Reflect  .   y - scarf {rC+ rF+}
rCorr    .         Harm     .   q - +2 pair of gloves
MR       +....     Rnd*Rage +   Y - +2 pair of boots Stlth ..........Rnd*Tele +
                                w - amulet of the Present {Faith +Blink +Inv rN+++ Str-2}
HPRegen  0.00/turn              o - ring of see invisible
MPRegen  0.14/turn              V - ring of protection from cold

@: berserk cooldown
A: big wings, [berserk 3], [blurry vision 3], [clumsy 2], [deformed body],
[deterioration 2], [dopey 2], [frail 3], [low mp 3], negative energy resistance
1, [screaming 3], electricity resistance, [inhibited regeneration],
[teleportitis 3], [weak 2], unbreathing, petrification resistance, rot immunity,
[subdued magic 3], AC +12
}: 1/15 runes: gossamer
a: Fly, Berserk, Trog's Hand, Brothers in Arms, Renounce Religion, Evoke Blink,
Evoke Invisibility


You were on level 4 of the Abyss.
You worshipped Trog.
Trog was extremely pleased with you.
You were hungry.

You visited 4 branches of the dungeon, and saw 26 of its levels.
You visited the Abyss 1 time.
You visited 1 bazaar.
You also visited: Gauntlet.

You collected 2125 gold pieces.
You spent 1023 gold pieces at shops.

Inventory:

Hand Weapons
 Z - a +9 eveningstar of freezing (weapon)
Missiles
 l - 165 poisoned darts (quivered)
Armour
 e - +1 fire dragon scales (worn)
 q - a +2 pair of gloves (worn)
 s - a +2 helmet (worn)
 y - a scarf of resistance (worn)
 F - a +0 tower shield (worn)
 I - a +0 cloak
 Y - a +2 pair of boots (worn)
Jewellery
 b - an uncursed amulet of reflection {unknown}
 j - an uncursed ring of protection from cold
 k - a +6 ring of intelligence
 o - a ring of see invisible (left hand)
 u - an uncursed ring of ice
 w - the amulet of the Present (around neck) {Faith +Blink +Inv rN+++ Str-2}
   (You found it in a Gauntlet)

   [amulet of faith]

   It allows you to gain divine favour quickly.
   It affects your strength (-2).
   It renders you almost immune to negative energy.
   It lets you turn invisible.
   It lets you blink.
 N - a +4 ring of protection
 S - an uncursed ring of protection from magic
 V - a ring of protection from cold (right hand)
 W - an uncursed ring of protection from magic
Wands
 g - a wand of enslavement (14)
 x - a wand of iceblast (40)
 D - a wand of polymorph (6)
 E - a wand of acid (25)
 O - a wand of flame (13)
 P - a wand of paralysis (6)
 Q - a wand of digging (5)
 U - a wand of disintegration (67)
Scrolls
 d - 19 scrolls of teleportation
 f - 4 scrolls of fear
 i - a scroll of holy word {unknown}
 p - 15 scrolls of remove curse
 r - 3 scrolls of blinking
 v - a scroll of brand weapon
 G - 2 scrolls of enchant weapon
 H - 12 scrolls of identify
 K - a scroll of torment {unknown}
 M - a scroll of magic mapping
 R - 2 scrolls of fog
Potions
 a - a potion of cancellation
 h - 3 potions of haste
 m - 3 potions of lignification
 n - 12 potions of curing
 t - 6 potions of ambrosia
 z - a potion of resistance
 B - 2 potions of heal wounds
 C - 2 potions of might
 L - 2 potions of invisibility
 T - 3 potions of stabbing
 X - 4 potions of berserk rage
Miscellaneous
 A - a lightning rod (4/4)
Comestibles
 c - 29 rations


   Skills:
 + Level 16.1 Fighting
 - Level 16.0 Maces & Flails
 + Level 16.0 Armour
 - Level 8.7 Dodging
 + Level 14.7 Shields
 - Level 5.0 Evocations


You had 16 spell levels left.
You didn't know any spells.
Your spell library was empty.

Dungeon Overview and Level Annotations

Branches:
Dungeon (15/15)            Temple (0/1) D:7            Lair (6/6) D:9
 Shoals (1/4) Lair:4       Spider (4/4) Lair:3        Slime (0/5) Lair:5
    Orc (0/2) D:12         Vaults (0/5) D:14         Depths (0/5) D:15
Gauntlet (visited)

Altars:
Okawaru
Qazlal
Ru
Uskayaw
Vehumet
Zin
The Shining One

Shops:
D:5 *   D:10 *   D:12 (   D:14 %   D:15 %

Annotations:
D:6 exclusion: angel
Shoals:1 Louise


Innate Abilities, Weirdness & Mutations

You are resistant to torment.
Your stone body is resilient. (AC +12)
You are immune to poison.
Your large and strong wings let you fly indefinitely.
You resist negative energy. (rN+)
You are resistant to electric shocks. (rElec)
You can survive without breathing.
You are immune to petrification.
You are immune to rotting.
[You have an uncontrollable temper.]
[Scrolls take you much longer to read.]
[You are very clumsy. (Dex -4)]
[Armour fits poorly on your strangely shaped body.]
[Your body often deteriorates upon taking damage.]
[You are very dopey. (Int -4)]
[You are extremely frail. (-30% HP)]
[Your magical capacity is extremely low. (-30% MP)]
[You frequently scream uncontrollably at your foes.]
[You do not regenerate when monsters are visible.]
[You are often teleported next to monsters.]
[You are very weak. (Str -4)]
[Your spells are much easier to cast, but much less powerful.]


Message History

You feel your anger nearly subside.
You are no longer berserk.
You are exhausted.
You feel yourself slow down.
A small abomination comes into view.
You scream at the small abomination!
You hear a shout!
You block the small abomination's attack. x2
You block the white very ugly thing's attack.
The small abomination completely misses you.
You block the white very ugly thing's attack.
You block the small abomination's attack.
The white very ugly thing tentacle-slaps you.
* * * LOW HITPOINT WARNING * * *
The white very ugly thing freezes you! You resist.
* * * LOW HITPOINT WARNING * * *
Your body deteriorates!
You feel clumsy.
You feel yourself speed up.
The white very ugly thing tentacle-slaps you!
You die...

... #.. ... ..
#. ### .# #. #
##.###.# ..#
#.#.#..@##..#
#....#u..##
§.#..#.x##..# #
#.## ##.#.###
#..#...##...###
#........#..#.#
#. ....##.....#
#...
...#.#...#..#
###.... .#..
.......


You could see a white very ugly thing and a small abomination.

Vanquished Creatures
  Rupert (D:15)
  Kirke (D:13)
  6 ghost moths
  A frost giant (D:15)
  2 emperor scorpions
  3 entropy weavers
  A minotaur (Gauntlet)
  A merfolk javelineer (Shoals:1)
  A merfolk impaler (Shoals:1)
  7 hydras
  7 centaur warriors
  2 vault guards (D:14)
  2 merfolk avatars (Shoals:1)
  2 death knights
  4 catoblepae (Lair:6)
  6 two-headed ogres
  17 death yaks
  Urug (D:13)
  A wretched star (Abyss:4)
  Nergalle (Lair:3)
  A sixfirhy (Abyss:4)
  2 sea snakes (Shoals:1)
  3 unseen horrors
  3 large abominations (Gauntlet)
  A wizard (D:14)
  An obsidian statue (D:13)
  A necromancer (D:14)
  A lindwurm (Lair:5)
  21 orb spiders
  Pikel (D:4)
  5 fauns (Shoals:1)
  6 cyclopes
  19 wolf spiders
  8 elephants
  17 ugly things
  8 manticores
  3 black mambas
  4 merfolk sirens (Shoals:1)
  A smoke demon (Abyss:4)
  A water nymph (Shoals:1)
  2 torpor snails
  10 spiny frogs
  A gargoyle (D:11)
  2 yaktaurs (D:15)
  A rime drake (Lair:3)
  4 komodo dragons
  4 kobold demonologists
  9 demonic crawlers
  An efreet (D:15)
  34 jumping spiders
  A tengu conjurer (D:15)
  5 trolls
  Grinder (D:4)
  7 merfolk (Shoals:1)
  3 ancient zymes
  4 polar bears (Lair:1)
  8 hornets
  11 blink frogs
  9 dream sheep
  11 hippogriffs
  2 snapping turtles (Shoals:1)
  8 small abominations
  55 redbacks
  3 shadows
  22 tarantellas
  A vampire (D:11)
  46 yaks
  6 basilisks
  21 humans
  4 wyverns
  A steam dragon (Lair:2)
  A wraith (D:12)
  A chaos spawn (Abyss:3)
  6 hungry ghosts
  Menkaure (D:4)
  A warg (shapeshifter) (D:15)
  2 acid dragons (D:13)
  A soldier ant (D:13)
  14 water moccasins
  10 porcupines
  A slave (D:4)
  12 ice beasts
  6 black bears
  9 orc warriors
  2 eyes of draining
  3 sky beasts
  A necrophage (D:8)
  4 ogres
  16 centaurs
  A phantom (D:8)
  6 wolves (Lair:2)
  11 crocodiles
  16 bullfrogs
  7 big kobolds
  A gnoll sergeant (D:7)
  2 wyvern skeletons
  4 scorpions
  4 jellies
  19 killer bees
  8 wights
  5 howler monkeys
  4 centaur zombies
  4 electric eels
  6 crimson imps
  A bullfrog zombie (D:8)
  A quasit (D:9)
  8 hounds
  9 orc priests
  14 orc wizards
  3 bullfrog skeletons
  12 centaur skeletons
  Terence (D:3)
  3 iguanas
  11 worker ants
  A hound skeleton (D:10)
  Robin (D:2)
  4 worker ant zombies
  9 adders
  12 gnolls
  4 shadow imps
  An ooze (D:1)
  An adder skeleton (D:6)
  An adder zombie (D:3)
  5 worms
  A worm (shapeshifter) (D:14)
  2 dart slugs (D:1)
  7 leopard geckos
  56 orcs
  6 bats
  6 giant cockroaches
  11 goblins
  11 hobgoblins
  24 jackals
  3 quokkas
  4 ball pythons
  4 frilled lizards
  31 kobolds
  5 rats
  A plant (Shoals:1)
  A starspawn tentacle (Abyss:4)
935 creatures vanquished.

Vanquished Creatures (collateral kills)
  5 emperor scorpions (Spider:4)
  A centaur warrior (D:11)
  A sea snake (Shoals:1)
  An ugly thing (D:15)
  3 orb spiders (Spider:4)
  A manticore (D:12)
  3 elephants (Lair:3)
  A kobold demonologist (D:13)
  2 trolls
  A jumping spider (Spider:4)
  A hornet (D:11)
  A snapping turtle (Shoals:1)
  4 redbacks (Spider:4)
  2 tarantellas (Spider:4)
  A yak (D:11)
  A hungry ghost (D:10)
  A water moccasin (D:7)
  A scorpion (D:10)
  4 killer bees (D:7)
  A bullfrog zombie (D:11)
  An orc priest (D:12)
  An orc (D:13)
38 creatures vanquished.

Vanquished Creatures (others)
  A jumping spider (Spider:1)
  A hornet (Spider:2)
  A tarantella (Spider:2)
  3 humans (D:13)
  14 demonic plants (Gauntlet)
  5 fungi (Lair:6)
  11 plants
  8 starspawn tentacles (Abyss:4)
  2 tentacles (Abyss:4)
46 creatures vanquished.

Grand Total: 1019 creatures vanquished

Notes
Turn   | Place    | Note
-------+----------+-------------------------------------------
     0 | D:1      | Mushiatsui the Gargoyle Berserker began the quest for the
                  | Orb.
     0 | D:1      | Reached XP level 1. HP: 14/14 MP: 1/1
    69 | D:1      | Reached XP level 2. HP: 12/19 MP: 2/2
   543 | D:1      | Reached XP level 3. HP: 17/24 MP: 3/3
  1412 | D:2      | Reached XP level 4. HP: 26/29 MP: 4/4
  1611 | D:2      | Reached ** piety under Trog
  2037 | D:2      | Reached XP level 5. HP: 29/33 MP: 5/5
  2190 | D:2      | Noticed Robin
  2223 | D:2      | Killed Robin
  2364 | D:2      | Found a faded altar of an unknown god.
  3390 | D:3      | Noticed Terence
  3398 | D:3      | Killed Terence
  3398 | D:3      | Reached XP level 6. HP: 39/39 MP: 6/6
  3662 | D:3      | Reached *** piety under Trog
  4068 | D:4      | Noticed a slave
  4086 | D:4      | Killed a slave
  4142 | D:4      | Noticed a slave
  4142 | D:4      | Noticed a slave
  4142 | D:4      | Noticed Pikel
  4143 | D:4      | Noticed a slave
  4167 | D:4      | Killed Pikel
  4167 | D:4      | Reached skill level 5 in Fighting
  4167 | D:4      | Reached skill level 5 in Maces & Flails
  4167 | D:4      | Reached XP level 7. HP: 44/44 MP: 7/7
  4307 | D:4      | Noticed Menkaure
  4340 | D:4      | Killed Menkaure
  4340 | D:4      | Reached skill level 5 in Armour
  4762 | D:4      | Reached XP level 8. HP: 42/51 MP: 8/8
  5052 | D:4      | Found a stormy altar of Qazlal.
  5052 | D:4      | Found a radiant altar of Vehumet.
  5367 | D:4      | Noticed Grinder
  5388 | D:4      | Paralysed by Grinder for 7 turns
  5460 | D:4      | Killed Grinder
  5913 | D:5      | Entered Level 5 of the Dungeon
  6515 | D:5      | Found Mahitagi's Elemental Accessories.
  6854 | D:6      | Reached XP level 9. HP: 56/56 MP: 9/9
  6910 | D:6      | Found an iron altar of Okawaru.
  7426 | D:6      | Found a glowing silver altar of Zin.
  7426 | D:6      | Noticed an angel
  7497 | D:6      | Reached skill level 5 in Dodging
  7903 | D:7      | Reached **** piety under Trog
  7962 | D:7      | Found a staircase to the Ecumenical Temple.
  9214 | D:8      | Got an ancient flail
  9215 | D:8      | Identified the +6 flail of Terror {vorpal, Fragile Dex+3}
                  | (You found it on level 8 of the Dungeon)
  9301 | D:8      | Found a sacrificial altar of Ru.
  9607 | D:8      | Noticed a two-headed ogre
  9622 | D:8      | Killed a two-headed ogre
  9622 | D:8      | Reached XP level 10. HP: 64/64 MP: 10/10
 10163 | D:9      | Found a staircase to the Lair.
 11049 | D:9      | Found a glowing golden altar of the Shining One.
 11310 | D:10     | Entered Level 10 of the Dungeon
 11518 | D:10     | Reached ***** piety under Trog
 11740 | D:10     | Reached skill level 10 in Maces & Flails
 11753 | D:10     | Reached XP level 11. HP: 71/71 MP: 11/11
 11771 | D:10     | Found Felukky's Fabulous Fripperies.
 11779 | D:10     | Bought a scroll of fog for 28 gold pieces
 11891 | D:10     | Found a glowing golden altar of the Shining One.
 12137 | D:11     | Found a gate leading to a gauntlet.
 12151 | Gauntlet | Entered a Gauntlet
 12151 | Gauntlet | Found a transporter.
 12154 | Gauntlet | Found a transporter.
 12154 | Gauntlet | Noticed a large abomination
 12155 | Gauntlet | Noticed a wretched star
 12166 | Gauntlet | Found a transporter.
 12170 | Gauntlet | Found a transporter.
 12182 | Gauntlet | Found a transporter.
 12191 | Gauntlet | Noticed a large abomination
 12200 | Gauntlet | Found a transporter.
 12201 | Gauntlet | Found a runed translucent door.
 12203 | Gauntlet | Noticed an entropy weaver
 12213 | Gauntlet | Found a transporter.
 12231 | Gauntlet | Found a transporter.
 12235 | Gauntlet | Found a transporter.
 12243 | Gauntlet | Found a transporter.
 12253 | Gauntlet | Noticed a thrashing horror
 12254 | Gauntlet | Noticed a thrashing horror
 12268 | Gauntlet | Found a transporter.
 12270 | Gauntlet | Found a transporter.
 12284 | Gauntlet | Found a runed translucent door.
 12338 | Gauntlet | Killed a large abomination
 12619 | Gauntlet | Got a coiled ruby amulet
 12671 | Gauntlet | Killed an entropy weaver
 12784 | Gauntlet | Identified the +6 morningstar "Zotouf" {flame, MR+ Dex+4}
 12784 | Gauntlet | Noticed a minotaur
 12792 | Gauntlet | Killed a minotaur
 13097 | D:11     | Noticed a purple ugly thing
 13123 | D:11     | Killed a purple ugly thing
 13138 | D:11     | Noticed a cyclops
 13139 | D:11     | Noticed a centaur warrior
 13153 | D:11     | Killed a centaur warrior
 13160 | D:11     | Reached skill level 10 in Fighting
 13168 | D:11     | Identified the cursed +0 rapier of Beogh's Esteem
                  | {antimagic, *Contam rF++ Int+3 Stlth+}
 13168 | D:11     | Identified the +2 leather armour of Cuigyiss {Str+7}
 13184 | D:11     | Noticed a cyclops
 13722 | D:11     | Noticed an unseen horror
 13731 | D:11     | Killed an unseen horror
 13731 | D:11     | Reached XP level 12. HP: 64/77 MP: 12/12
 13755 | D:11     | Noticed a two-headed ogre
 14117 | D:11     | Reached skill level 10 in Armour
 14122 | D:11     | Found a hide-covered altar of Uskayaw.
 14362 | D:11     | Killed a two-headed ogre
 14398 | D:11     | Noticed a five-headed hydra
 14969 | D:11     | Found a glowing silver altar of Zin.
 15010 | D:11     | Noticed a death knight
 15022 | D:11     | Killed a death knight
 15143 | D:11     | Killed a five-headed hydra
 15424 | D:11     | You fall into a shaft and drop 1 floor!
 15638 | D:12     | Found a staircase to the Orcish Mines.
 15638 | D:12     | Found Hecadeol's Weapon Boutique.
 15683 | D:11     | Noticed a two-headed ogre
 15691 | D:11     | Killed a two-headed ogre
 16260 | D:12     | Noticed a two-headed ogre
 16271 | D:12     | Killed a two-headed ogre
 16271 | D:12     | Reached XP level 13. HP: 50/84 MP: 13/13
 17171 | D:13     | Upgraded the game from 0.26-a0-40-gfe7b5d5a6f to
                  | 0.26-a0-43-g20b394cb32
 17416 | D:13     | Identified the amulet of the Present {Faith +Blink +Inv
                  | rN+++ Str-2} (You found it in a Gauntlet)
 17932 | D:13     | Reached skill level 1 in Shields
 18008 | D:13     | Noticed Urug
 18035 | D:13     | Killed Urug
 18238 | D:13     | Found a gateway to a bazaar.
 18273 | D:13     | Reached skill level 1 in Evocations
 18317 | Bazaar   | Entered a bazaar
 18350 | Bazaar   | Found Zoeliank's Assorted Antiques.
 18350 | Bazaar   | Found Sakledd's Food Shop.
 18364 | Bazaar   | Bought a scroll labeled HOSMISKEXZI for 18 gold pieces
 18379 | Bazaar   | Found Ewnu's Weapon Shop.
 18379 | Bazaar   | Found Xulol's Armour Boutique.
 18401 | Bazaar   | Bought +1 fire dragon scales for 737 gold pieces
 18867 | D:13     | Noticed Kirke
 18883 | D:13     | Killed Kirke
 19575 | D:13     | Received a gift from Trog
 19979 | Lair:1   | Entered Level 1 of the Lair of Beasts
 21099 | Lair:2   | Found a frozen archway.
 21456 | Lair:2   | Reached skill level 5 in Shields
 21906 | Lair:3   | Found a hole to the Spider Nest.
 21982 | Lair:3   | Gained mutation: Your large and strong wings let you fly
                  | indefinitely. [Gargoyle growth]
 21982 | Lair:3   | Reached XP level 14. HP: 79/92 MP: 16/16
 22841 | Lair:3   | Noticed Nergalle
 22856 | Lair:3   | Killed Nergalle
 24029 | Lair:4   | Received a gift from Trog
 24265 | Lair:4   | Found a staircase to the Shoals.
 24891 | Lair:5   | Reached skill level 5 in Evocations
 25557 | Lair:5   | Found a staircase to the Slime Pits.
 25769 | Lair:6   | Entered Level 6 of the Lair of Beasts
 26286 | Lair:6   | Reached XP level 15. HP: 98/98 MP: 18/18
 26303 | Lair:6   | Reached skill level 10 in Shields
 26642 | Lair:6   | Received a gift from Trog
 27529 | Spider:1 | Entered Level 1 of the Spider Nest
 27901 | Spider:1 | Reached ****** piety under Trog
 29111 | Spider:1 | Received a gift from Trog
 31466 | Spider:2 | Reached XP level 16. HP: 79/106 MP: 19/19
 31478 | Spider:2 | Received a gift from Trog
 33244 | Spider:3 | Reached skill level 15 in Maces & Flails
 33760 | Spider:4 | Entered Level 4 of the Spider Nest
 34289 | Spider:4 | Received a gift from Trog
 35065 | Spider:4 | Got a gossamer rune of Zot
 36550 | D:14     | Reached XP level 17. HP: 93/112 MP: 20/20
 37190 | D:14     | Reached skill level 15 in Fighting
 37372 | D:14     | Found Zuroc's Food Shop.
 37459 | D:14     | Received a gift from Trog
 37974 | D:14     | Reached skill level 15 in Armour
 38249 | D:14     | Found a gate to the Vaults.
 38323 | D:15     | Entered Level 15 of the Dungeon
 38766 | D:15     | Found Inwiustacs's Food Shop.
 38774 | D:15     | Bought a ration for 60 gold pieces
 38774 | D:15     | Bought a ration for 60 gold pieces
 38774 | D:15     | Bought a ration for 60 gold pieces
 38774 | D:15     | Bought a ration for 60 gold pieces
 39030 | D:15     | Received a gift from Trog
 39035 | D:15     | Got a crude mace {god gift}
 39392 | D:15     | Noticed Rupert
 39401 | D:15     | Killed Rupert
 39681 | D:15     | Identified the +5 halberd of Doom {vorpal, rElec rF- Int+4}
 39751 | D:15     | Found a staircase to the Depths.
 40323 | Shoals:1 | Entered Level 1 of the Shoals
 40612 | Shoals:1 | Received a gift from Trog
 41428 | Shoals:1 | Noticed Louise
 41436 | Shoals:1 | Cast into level 3 of the Abyss (Louise)
 41436 | Abyss:3  | Found a corrupted altar of Lugonu.
 41477 | Abyss:3  | Found a blossoming altar of Fedhas.
 41481 | Abyss:3  | Noticed a tentacled starspawn
 41534 | Abyss:4  | Noticed a tentacled starspawn
 41542 | Abyss:4  | Noticed a tentacled starspawn
 41757 | Abyss:4  | Noticed a tentacled starspawn
 41792 | Abyss:4  | Noticed a profane servitor
 41795 | Abyss:4  | Noticed a kraken
 41887 | Abyss:4  | Slain by a white very ugly thing

Illustrated notes

Levels and vault maps discovered:
D:1:      sevenhm_arrival_forest_fort_small_5, layout_loops_ring,
          minmay_hexomino_c4
D:2:      layout_loops_cross, chequers_ecumenical_altar_twisty, uniq_robin
D:3:      layout_loops_corners, minmay_quantized, uniq_terence
D:4:      layout_basic, gammafunk_temple_overflow_statue, uniq_menkaure,
          uniq_pikel, uniq_grinder
D:5:      layout_basic, first_ration, nicolae_elemental_shop
D:6:      layout_loops_ring, zin_angel, corexii_checkpoint_a, okawaru_gym_becter
D:7:      layout_basic, minmay_temple_entry_drinking_statues
D:8:      layout_loops_ring, basic_altar, blue_anna_alchemist
          [blue_anna_fruit_fields, blue_anna_fruit_fields]
D:9:      layout_cave_pods, kennysheep_mini_moat, lair_entry_dummy,
          minmay_misc_feat_chi
D:10:     layout_basic, nicolae_alphabet_shops, nicolae_tso_swordbearing_angel
D:11:     minmay_the_grid_octo_tiled_squarecenter_mashed
          [minmay_the_grid_octo_chip, minmay_the_grid_octo_vomiting_pacman,
          minmay_the_grid_octo_clover, minmay_the_grid_octo_horde,
          minmay_the_grid_square_5x5_megaprize_crossed,
          minmay_the_grid_square_5x5_sharp_hourglass,
          minmay_the_grid_square_5x5_bite, minmay_the_grid_square_5x5_minivault,
          minmay_the_grid_square_5x5_bridge], layout_irregular_city,
          gauntlet_entry_generic
D:12:     layout_loops_ring, orc_david_3
D:13:     layout_stronghold, serial_shops, statue_bzr, small_statue_alley_a,
          uniq_urug, uniq_kirke
D:14:     layout_rooms, grunt_vaults_entry_tiered, minmay_misc_feat_ornament,
          serial_shops, nicolae_shop_behind_doors
D:15:     grunt_enter_depths_snipers, layout_basic, minmay_misc_feat_tower,
          serial_shops, shop_statue, uniq_rupert
Lair:1:   beast_lair_carwin_large_1, layout_long_grid
Lair:2:   layout_roguey, portal_ice_cave_entry_ice_beasts,
          infiniplex_staircase_pool
Lair:3:   layout_gridlike, spider_nest_entry_web_field, uniq_nergalle
Lair:4:   layout_loops_ring, shoals_dummy_entry,
          nicolae_lair_grove_arrangements, serial_bayou_pond_c,
          beast_lair_carwin_11, infiniplex_staircase_pool_2
Lair:5:   layout_cave_pods, slime_dummy, nicolae_volcano_entry_vermiform
Lair:6:   evilmike_catoblepas_cave, layout_loops_ring
Shoals:1: layout_shoals, uniq_louise
Spider:1: layout_chambers
Spider:2: layout_spider_delve
Spider:3: layout_spider_delve
Spider:4: grunt_spider_rune_circles
Abyss:4:  base: Orc:2, due_exit_kobolds, nicolae_abyss_rune_star_stuff,
          abyss_furniture_001, minivault_5, kilobyte_mutagenic_chamber,
          evilmike_nicolae_abyss_rune_betentacled_crabyss,
          evilmike_abyss_exit_smiterflies, evilmike_abyss_rune_siren_acolytes,
          minivault_26, hangedman_abyss_sting, evilmike_abyss_rune_ettins

Skill      XL: |  1  2  3  4  5  6  7  8  9 10 11 12 13 14 15 16 17 |
---------------+----------------------------------------------------+-----
Dodging        | 2 3 4 5 6 7 8 |  8.7
Armour         | 3 4 5 6 7 8 9 10 11 12 13 14 16 | 16.0
Fighting       | 4 5 6 8 9 10 11 12 13 14 16 | 16.1
Maces & Flails | 4 5 6 8 10 11 13 14 15 16 | 16.0
Shields        | 5 9 12 13 14 | 14.7
Evocations     | 3 5 |  5.0

Action                   |  1- 3 |  4- 6 |  7- 9 | 10-12 | 13-15 | 16-18 || total
-------------------------+-------+-------+-------+-------+-------+-------++-------
Melee: Mace              |    82 |   299 |   454 |       |       |       ||   835
       Flail             |       |       |    21 |   644 |  1562 |   658 ||  2885
       Eveningstar       |       |       |       |       |       |   649 ||   649
Throw: Boomerang         |     4 |       |       |       |       |       ||     4
       Dart              |       |       |     3 |       |     4 |       ||     7
Invok: Berserk           |       |     4 |     6 |     8 |     6 |     5 ||    29
       Brothers in Arms  |       |       |     1 |     6 |     3 |     7 ||    17
       Trog's Hand       |       |       |       |     1 |     2 |     3 ||     6
  Use: Scroll            |       |     3 |     8 |     4 |    21 |    18 ||    54
       Potion            |       |       |     1 |     2 |       |     5 ||     8
 Stab: Distracted        |       |       |       |       |     1 |       ||     1
  Eat: Chunk             |     2 |     7 |    19 |    19 |    40 |    24 ||   111
       Ration            |       |     1 |     2 |     6 |     5 |     6 ||    20
Armor: Animal skin       |    10 |       |       |       |       |       ||    10
       Ring mail         |    36 |   153 |       |       |       |       ||   189
       Scale mail        |       |    34 |   128 |       |       |       ||   162
       Skin              |       |       |    38 |       |       |       ||    38
       Chain mail        |       |       |   203 |   301 |       |       ||   504
       Plate armour      |       |       |       |     4 |    80 |       ||    84
       Fire dragon scale |       |       |       |       |   785 |   714 ||  1499
Dodge: Dodged            |    62 |   223 |   303 |   185 |   523 |   467 ||  1763
Block: Buckler           |     8 |    44 |    93 |       |       |       ||   145
       Tower shield      |       |       |     6 |   483 |  1349 |  1373 ||  3211

Table legend:
 A = Non-vault XP
 B = Vault XP
 C = Vault XP percentage of total XP
 D = Non-vault monster count
 E = Vault monster count
 F = Vault count percentage of total count
                 A         B        C        D         E       F
            +---------+---------+-------+---------+---------+-------
      Total |  180422 |   62326 |  25.7 |     788 |     183 |  18.8
            +---------+---------+-------+---------+---------+-------
        D:1 |      26 |      19 |  42.2 |      14 |       7 |  33.3
        D:2 |     137 |      34 |  19.9 |      30 |      11 |  26.8
        D:3 |     100 |      41 |  29.1 |      22 |       3 |  12.0
        D:4 |     404 |    1050 |  72.2 |      17 |       3 |  15.0
        D:5 |     527 |       0 |   0.0 |      20 |       0 |   0.0
        D:6 |     607 |       2 |   0.3 |      10 |       1 |   9.1
        D:7 |    1154 |       0 |   0.0 |      36 |       0 |   0.0
        D:8 |    1368 |      95 |   6.5 |      13 |       1 |   7.1
        D:9 |    1688 |       0 |   0.0 |      33 |       0 |   0.0
       D:10 |    2097 |     215 |   9.3 |      29 |       3 |   9.4
       D:11 |    6611 |    6731 |  50.4 |      36 |      25 |  41.0
       D:12 |    6243 |     284 |   4.4 |      50 |       4 |   7.4
       D:13 |   11380 |    4185 |  26.9 |      64 |       6 |   8.6
       D:14 |    5766 |    6869 |  54.4 |      25 |      22 |  46.8
       D:15 |   19819 |    5667 |  22.2 |      51 |       4 |   7.3
     Lair:1 |    1989 |    1794 |  47.4 |       9 |       9 |  50.0
     Lair:2 |    6084 |    1047 |  14.7 |      26 |       8 |  23.5
     Lair:3 |    9630 |     792 |   7.6 |      36 |       1 |   2.7
     Lair:4 |    3983 |     436 |   9.9 |      15 |       2 |  11.8
     Lair:5 |    9883 |     611 |   5.8 |      24 |       1 |   4.0
     Lair:6 |   12041 |   11398 |  48.6 |      29 |      23 |  44.2
   Shoals:1 |   15329 |       0 |   0.0 |      31 |       0 |   0.0
   Spider:1 |   13486 |       0 |   0.0 |      38 |       0 |   0.0
   Spider:2 |   16354 |       0 |   0.0 |      48 |       0 |   0.0
   Spider:3 |   15926 |       0 |   0.0 |      40 |       0 |   0.0
   Spider:4 |   13820 |   16723 |  54.8 |      32 |      36 |  52.9
    Abyss:3 |     800 |       0 |   0.0 |       3 |       0 |   0.0
    Abyss:4 |    3170 |       0 |   0.0 |       7 |       0 |   0.0
   Gauntlet |       0 |    4333 | 100.0 |       0 |      13 | 100.0
            +---------+---------+-------+---------+---------+-------
